Beginner Build order based off of PiG's Basic Zerg strategy
12 | 0:01 | [Set HK] Drone | |
13 | 0:13 | Overlord | |
14 | 0:17 | (1-2-1) Drone x4 | |
17 | 0:46 | Spawning Pool | |
16 | 0:48 | Drone | |
17 | 1:09 | [HK] Hatchery | |
16 | 1:13 | Drone | |
17 | 1:16 | Extractor | |
19 | 1:33 | (3) Queen | |
21 | 1:41 | (1) Overlord | |
22 | 2:03 | (1) Zergling | |
23 | 2:09 | [Q] Queen | |
25 | 2:22 | (1) Metabolic Boost | |
25 | 2:24 | Scout Zergling x2 | |
27 | 2:29 | [H2] Queen | |
38 | 3:09 | (10;1) Roach Warren | |
44 | 3:35 | (5;2) Hatchery | |
51 | 3:59 | (7;1) Lair | |
51 | 4:02 | Evolution Chamber | |
51 | 4:09 | Extractor x2 |